 Dungeon Crawl Stone Soup version 0.21.1-1-g345015fe64 (webtiles) character file.

24 HeroTen the Ruffian (level 2, -3/23 HPs)
             Began as a Draconian Transmuter on June 20, 2018.
             Slain by a hobgoblin
             ... wielding a +0 club
             ... led by Robin
              (8 damage)
             ... on level 2 of the Dungeon.
             The game lasted 00:07:17 (1845 turns).

HeroTen the Ruffian (Draconian Transmuter)          Turns: 1845, Time: 00:07:18

Health: -3/23      AC:  4    Str: 12    XL:     2   Next: 79%
Magic:  2/5        EV: 12    Int: 13    God:
Gold:   55         SH:  0    Dex: 11    Spells: 2/5 levels left

rFire    . . .     SeeInvis .   m - +0 spear
rCold    . . .     Gourm    .   (no shield)
rNeg     . . .     Faith    .   (armour unavailable)
rPois    .         Spirit   .   (helmet restricted)
rElec    .         Reflect  .   (no cloak)
rCorr    .         Harm     .   (no gloves)
MR       .....                  (no boots)
Stlth    +.........             g - amulet of inaccuracy (curse)
HPRegen  0.07/turn              (no ring)
MPRegen  0.09/turn              (no ring)

@: no status effects
A: unfitting armour, cold-blooded, AC +4
a: no special abilities


You were on level 2 of the Dungeon.
You were near starving.

You visited 1 branch of the dungeon, and saw 2 of its levels.

You collected 55 gold pieces.

Inventory:

Hand Weapons
 i - a +0 club
 k - a +2 hunting sling of freezing
 m - a +0 spear (weapon)
Missiles
 a - 29 arrows
Armour
 h - a +1 helmet
 j - a +0 leather armour
Jewellery
 g - a cursed amulet of inaccuracy (around neck)
Scrolls
 l - a scroll of amnesia {unknown}
Potions
 d - a potion of brilliance {unknown}
 f - a potion of curing {unknown}
Books
 b - a book of Changes

   Spells                             Type                      Level
   a - Beastly Appendage              Transmutation                1
   b - Sticks to Snakes               Transmutation                2
   c - Spider Form                    Transmutation/Poison         3
   d - Ice Form                       Ice/Transmutation            4
   e - Blade Hands                    Transmutation                5
Comestibles
 c - 2 rations


   Skills:
 * Level 1.4 Fighting
   Level 0.4 Axes
 * Level 2.1 Dodging
 + Level 3.3 Unarmed Combat
 + Level 2.1 Spellcasting
 + Level 2.2 Transmutations


You had 2 spell levels left.
You knew the following spells:

 Your Spells              Type           Power        Failure   Level  Hunger
a - Beastly Appendage     Tmut           #.....       10%         1    ##.....
b - Sticks to Snakes      Tmut           #.......     16%         2    ###....


Dungeon Overview and Level Annotations

Branches:
Dungeon (2/15)

Altars:
Ashenzari

Annotations:
D:2 Robin


Innate Abilities, Weirdness & Mutations

Your plain brown scales are hard. (AC +4)
You cannot fit into any form of body armour.
You are cold-blooded and may be slowed by cold attacks.


Message History

The hobgoblin goes into a battle-frenzy!
The goblin hits you with a club.
You hear a shout!
You hit the goblin.
You kill the goblin!
You miss the goblin.
The goblin no longer looks unusually strong.
The goblin barely misses you. The hobgoblin barely misses you.
You hit the goblin.
The goblin is severely wounded.
The hobgoblin no longer looks unusually strong.
The goblin hits you.
* * * LOW HITPOINT WARNING * * *
The hobgoblin barely misses you. The goblin barely misses you.
You barely miss the goblin.
The goblin is severely wounded.
Robin roars a battlecry!
The goblins go into a battle-frenzy!
The hobgoblin hits you with a club!
You die...

#######gg #.gg?.gg.
###g######. #@gg.......
.. #g#.######. ## #.#...
#.
.######.###############.
......................#.
################......##
#......##.
########.....##..
#...........##.).


You could see Robin, 3 hobgoblins and 2 goblins.

Vanquished Creatures
  2 dart slugs (D:1)
  4 goblins
  4 hobgoblins
  2 bats (D:1)
  2 frilled lizards (D:1)
  3 kobolds (D:1)
  2 rats (D:1)
19 creatures vanquished.

Vanquished Creatures (collateral kills)
  3 goblins
3 creatures vanquished.

Grand Total: 22 creatures vanquished

Notes
Turn   | Place    | Note
-------+----------+-------------------------------------------
     0 | D:1      | HeroTen the Draconian Transmuter began the quest for the Orb.
     0 | D:1      | Reached XP level 1. HP: 16/16 MP: 3/3
   961 | D:1      | Reached XP level 2. HP: 16/23 MP: 5/5
   977 | D:1      | Learned a level 2 spell: Sticks to Snakes
  1753 | D:2      | Found a shattered altar of Ashenzari.
  1819 | D:2      | Noticed Robin
  1845 | D:2      | Slain by a hobgoblin

Skill      XL: |  1  2 |
---------------+-------+-----
Dodging        | 2 |  2.1
Fighting       | |  1.4
Axes           | |  0.4
Unarmed Combat | |  3.3
Spellcasting   | |  2.1
Transmutations | |  2.2

Action                   || total
-------------------------++-------
Melee: Hand axe          ||    44
       Unarmed           ||     8
       Tailslap          ||     7
       Kick              ||     3
       Spear             ||    18
       Headbutt          ||     1
 Cast: Beastly Appendage ||    13
       Sticks to Snakes  ||     7
  Use: Scroll            ||     1
  Eat: Chunk             ||     2
Armor: Skin              ||    36
Dodge: Dodged            ||    74
